 Dungeon Crawl Stone Soup version 0.27.1-4-g1640c2035a (webtiles) character file.

Game seed: 10831932733098506582

167 bearlyready the Ducker (level 5, -3/81 HPs)
             Began as an Ogre Delver on Nov 13, 2021.
             Slain by Sigmund (7 damage)
             ... on level 3 of the Dungeon.
             The game lasted 00:04:15 (3462 turns).

bearlyready the Ducker (Ogre Delver)                Turns: 3462, Time: 00:04:16

Health: -3/81      AC: 22    Str: 23    XL:     5   Next: 48%
Magic:  5/5        EV:  1    Int: 11    God:
Gold:   113        SH:  0    Dex: 10    Spells: 4/4 levels left

rFire    . . .     SeeInvis .   a - +0 mace
rCold    . . .     Faith    .   (no shield)
rNeg     + + +     Spirit   .   (armour currently unavailable)
rPois    +         Reflect  .   (helmet currently unavailable)
rElec    .         Harm     .   (cloak currently unavailable)
rCorr    .         Rampage  .   (gloves unavailable)
Will     .....     NoTele   +   (boots unavailable)
Stlth    ++........             (no amulet)
HPRegen  0.23/turn              f - ring of wizardry
MPRegen  0.09/turn              m - +6 ring of strength

@: mighty, lethally poisoned (-3 -> -10), tree-form, attractive
A: stationary, stasis, torment immunity, boosted hp, large, unfitting armour,
(tough skin 1)
a: no special abilities


You were on level 3 of the Dungeon.
You were a tree.
You visited 1 branch of the dungeon, and saw 5 of its levels.

You collected 113 gold pieces.

Inventory:

Hand Weapons
 a - a +0 mace (weapon)
Missiles
 h - 65 stones (quivered)
Armour
 b - a +0 robe (melded)
Jewellery
 f - a ring of wizardry (left branch)
 m - a +6 ring of strength (right branch)
 p - a ring of positive energy
Wands
 g - a wand of digging (3)
Scrolls
 c - a scroll of fog
 d - a scroll of magic mapping
 e - a scroll of silence {unknown}
 i - 5 scrolls of identify {unknown}
 n - a scroll of vulnerability {unknown}
 q - a scroll of teleportation {unknown}
Potions
 j - a potion of flight {unknown}


   Skills:
 - Level 4.0 Fighting
 + Level 3.2 Maces & Flails
 - Level 4.2 Dodging
 - Level 3.7 Stealth


You had 4 spell levels left.
You didn't know any spells.
Your spell library was empty.

Dungeon Overview and Level Annotations

Branches:
Dungeon (5/15)
 Temple: D:4-7

Altars:

Annotations:
D:3 Sigmund


Innate Abilities, Weirdness & Mutations

You are a tree.
Your roots penetrate the ground, keeping you stationary.
You cannot be teleported.
You are immune to unholy pain and torment.
Your maximum health is greatly increased.
Your equipment is partially melded.
You are too large for most types of armour.
((You have tough skin. (AC +1)))


Message History

It was a scroll of noise.
You feel very sick.
You hear an angry hiss. x2
The scorpion barely misses you. The scorpion closely misses you.
It was a potion of lignification.
You turn into a tree.
Your +0 robe melds into your body.
Your roots penetrate the ground.
You feel sick.
The scorpion stings you but does no damage.
You hit the scorpion but do no damage.
The scorpion is severely wounded.
You feel sick.
The scorpion stings you but does no damage.
You hit the scorpion but do no damage.
The scorpion is severely wounded.
You feel sick. The scorpion stings you.
* * * LOW HITPOINT WARNING * * *
The scorpion stings you.
* * * LOW HITPOINT WARNING * * *
You are lethally poisoned!
The scorpion poisons you!
You closely miss the scorpion.
The scorpion is severely wounded.
* * * LOW HITPOINT WARNING * * *
You feel very sick.
The scorpion stings you but does no damage.
It was a potion of might.
You feel very mighty all of a sudden.
* * * LOW HITPOINT WARNING * * *
You feel very sick.
Sigmund mumbles some strange words.
Sigmund flickers and vanishes!
Deactivating autopickup; reactivate with Ctrl-A.
The scorpion stings you but does no damage.
It was a potion of attraction.
You feel attractive to monsters.
* * * LOW HITPOINT WARNING * * *
You feel very sick.
The scorpion stings you but does no damage.
Something hits you!
You die...

#..#..##.#####
#####..#..##.#####
...................
#####.........#.##.
###..##..........
.................
######..##..........
#.#.#.......###.##......
......s♣.........#.####.
#.#.#{############.# #.
# #.# #. #. #.# #. #.
#.####.
#.#!############......
...@...<..............
#.#.##################
#. #


You could see a scorpion.

Vanquished Creatures
  A jelly (D:5)
  A centaur skeleton (D:5)
  A hound zombie (D:5)
  3 adders
  A worm (D:2)
  A dart slug (D:1)
  7 ball pythons
  2 bats (D:1)
  6 endoplasms
  2 giant cockroaches (D:1)
  7 goblins
  5 hobgoblins
  2 jackals (D:5)
  6 kobolds
  3 quokkas
  3 frilled lizards (D:1)
  5 rats
  A spectral kobold (D:2)
57 creatures vanquished.

Notes
Turn   | Place    | Note
-------+----------+-------------------------------------------
     0 | D:5      | bearlyready the Ogre Delver began the quest for the Orb.
     0 | D:5      | Reached XP level 1. HP: 24/24 MP: 1/1
    15 | D:5      | Reached XP level 2. HP: 28/32 MP: 2/2
    15 | D:5      | Reached XP level 3. HP: 34/39 MP: 3/3
   361 | D:5      | Noticed a sky beast
   533 | D:5      | Reached XP level 4. HP: 14/48 MP: 4/4
   771 | D:5      | Noticed a kobold brigand
  1038 | D:3      | Noticed Sigmund
  1908 | D:1      | Reached XP level 5. HP: 54/54 MP: 5/5
  3082 | D:2      | Found a faded altar of an unknown god.
  3462 | D:3      | HP: 4/81 [poisoned by a scorpion]
  3462 | D:3      | Slain by Sigmund

Illustrated notes

Levels and vault maps discovered:
D:1:      wander_arrival_estate, layout_loops_ring
D:2:      layout_loops_ring, dreamdust_ecumenical_altar_drowned_temple
D:3:      layout_basic, mainiacjoe_overflow_concentric_impassable,
          hangedman_abyss_or_decor_lesser_grid, uniq_ijyb, uniq_natasha,
          uniq_sigmund
D:4:      layout_cave_pools, kennysheep_generic_room_5
D:5:      layout_basic, tso_altar, minmay_temple_entry_trees,
          grunt_ministairs_8, st_stairs_14, minivault_5, uniq_pikel

Skill      XL: |  1  2  3  4  5 |
---------------+----------------+-----
Dodging        | 3 4 |  4.2
Maces & Flails | 2 3 |  3.2
Fighting       | |  4.0
Stealth        | |  3.7

Action                   |  1- 3 |  4- 6 || total
-------------------------+-------+-------++-------
Melee: Mace              |    43 |   145 ||   188
Throw: Stone             |    12 |    13 ||    25
  Use: Potion            |     1 |     3 ||     4
       Scroll            |       |     2 ||     2
 Stab: Sleeping          |       |     4 ||     4
Armor: Robe              |    12 |    45 ||    57
       Skin              |       |     5 ||     5
Dodge: Dodged            |    27 |    67 ||    94
